 Dungeon Sprint DCSS version 0.29.1-13-g9f3cf754e1 (webtiles) character file.

Game seed: 7070586652309905155

149 boopmooplesden the Cleaver (level 5, -3/55 HPs)
             Began as a Minotaur Berserker on Jan 29, 2023.
             Was a Believer of Trog.
             Killed from afar by an oklob sapling wizard (40 damage)
             ... with a splash of acid
             ... in the Dungeon (Sprint IV: "Fedhas' Mad Dash").
             The game lasted 00:00:40 (1015 turns).

boopmooplesden the Cleaver (Minotaur Berserker)     Turns: 1015, Time: 00:00:41

Health: -3/55      AC:  2    Str: 22    XL:     5   Next: 9%
Magic:  2/4        EV: 13    Int:  4    God:    Trog [**....]
Gold:   62         SH:  0    Dex: 11    Spells: 4/4 levels left

rFire   . . .      SeeInvis .   a - +0 hand axe
rCold   . . .      Faith    .   (no shield)
rNeg    . . .      Spirit   .   b - +0 animal skin
rPois   .          Reflect  .   (helmet restricted)
rElec   .          Harm     .   (no cloak)
rCorr   .          Rampage  .   (no gloves)
Will    .....      NoTele   +   (no boots)
Stlth   +.........              i - amulet of invisibility {+Inv}
HPRegen 0.18/turn               (no ring)
MPRegen 0.09/turn               (no ring)

@: very slightly contaminated, invisible
A: horns 2, retaliatory headbutt
a: Renounce Religion, Evoke Invisibility, Berserk, Trog's Hand


You were in the Dungeon.
You worshipped Trog.
Trog was pleased with you.
You visited 1 branch You collected 62 gold pieces.

Inventory:

Hand Weapons
 a - a +0 hand axe (weapon)
Armour
 b - a +0 animal skin (worn)
Jewellery
 i - the amulet of invisibility (around neck) {+Inv}
   (You found it in the Dungeon)

   [amulet of nothing]

   +Inv:      It lets you turn invisible.
Scrolls
 h - a scroll of blinking
Potions
 c - a potion of curing
 d - a potion of heal wounds
 e - a potion of haste
 f - 2 potions of magic
 g - a potion of berserk rage
 j - a potion of invisibility {unknown}


   Skills:
 + Level 8.3 Fighting
 + Level 8.6 Axes
 + Level 4.5 Armour
 + Level 3.9 Dodging
 + Level 1.0 Stealth
 + Level 0.3 Evocations


You had 4 spell levels left.
You didn't know any spells.
Your spell library was empty.

Dungeon Overview and Level Annotations

Branches:
Dungeon (1/1)

Altars:
Cheibriados
Dithmenos
Elyvilon
Gozag
Hepliaklqana
Kikubaaqudgha
Makhleb
Nemelex Xobeh
Okawaru
Qazlal
Ru
Sif Muna
Trog
Uskayaw
Vehumet
Wu Jian
Xom
Yredelemnul
Zin
The Shining One
Jiyva
Lugonu

Annotations:
D exclusion: oklob sapling


Innate Abilities, Weirdness & Mutations

You have a pair of horns on your head.
You reflexively headbutt those who attack you in melee.


Message History

There is a corrupted altar of Lugonu here.
You start resting.
Your magical contamination has completely faded away.
You start resting.
Magic restored.
You start resting.
HP restored.
You start waiting.
Done waiting.
You start waiting.
Done waiting.
As you open the door, it creaks loudly!
An oklob sapling wizard comes into view.
Marking area around an oklob sapling wizard as unsafe for travelling.
Found 2 sapphire potions.
You fail to use your ability.
You fade into invisibility!
You are very lightly contaminated with residual magic.
Really walk into a travel-excluded area?
The oklob sapling wizard spits acid at you.
The splash of acid hits you!
Found a crooked silver wand.
The oklob sapling wizard spits acid at something.
The oklob sapling wizard spits acid at something.
The splash of acid misses you.
There is an open door here.
The oklob sapling wizard stares at you and mumbles some strange words.
The magic dart hits you.
You hit the oklob sapling wizard.
You headbutt the oklob sapling wizard, but do no damage.
The oklob sapling wizard is moderately damaged.
You hit the oklob sapling wizard but do no damage.
The oklob sapling wizard is lightly damaged.
You completely miss the oklob sapling wizard.
You headbutt the oklob sapling wizard, but do no damage.
The oklob sapling wizard is lightly damaged.
The oklob sapling wizard spits acid at you.
The splash of acid hits you!!!
Ouch! That really hurt!
You die...

###################
.#.⌠._._._._.⌠.#.!+
.'.._._._._._..'@P#
.#..._._._._...#..#
##.._._._._._..#./#
#._._._._._.⌠.####
###############


You could see an oklob sapling wizard (unable to see you).

Vanquished Creatures
  A scorpion (D)
  2 oklob saplings (D)
  A river rat (D)
  A rat (D)
5 creatures vanquished.

Vanquished Creatures (others)
  2 fungi (D)
2 creatures vanquished.

Grand Total: 7 creatures vanquished

Notes
Turn   | Place    | Note
-------+----------+-------------------------------------------
     0 | D        | boopmooplesden the Minotaur Berserker began the quest for
                  | the Orb.
     0 | D        | Reached XP level 1. HP: 19/19 MP: 0/0
     8 | D        | Reached XP level 2. HP: 28/28 MP: 1/1
    66 | D        | Noticed an oklob sapling
    67 | D        | Killed an oklob sapling
    67 | D        | Reached ** piety under Trog
    68 | D        | Reached skill level 5 in Fighting
    68 | D        | Reached XP level 3. HP: 37/37 MP: 2/2
   304 | D        | Noticed a scorpion
   304 | D        | Found the amulet of invisibility {+Inv}
   309 | D        | Killed a scorpion
   310 | D        | Reached XP level 4. HP: 35/47 MP: 3/3
   588 | D        | Found an opulent altar of Gozag.
   588 | D        | Found a hazy altar of Hepliaklqana.
   588 | D        | Found a snail-covered altar of Cheibriados.
   590 | D        | Found a viscous altar of Jiyva.
   590 | D        | Found a burning altar of Makhleb.
   590 | D        | Found a sparkling altar of Nemelex Xobeh.
   590 | D        | Found a sacrificial altar of Ru.
   590 | D        | Found a shimmering blue altar of Sif Muna.
   590 | D        | Found a bloodstained altar of Trog.
   590 | D        | Found an ornate altar of the Wu Jian Council.
   590 | D        | Found a shimmering altar of Xom.
   590 | D        | Found a basalt altar of Yredelemnul.
   591 | D        | Found an iron altar of Okawaru.
   591 | D        | Found a shadowy altar of Dithmenos.
   591 | D        | Found a glowing silver altar of Zin.
   592 | D        | Found an ancient bone altar of Kikubaaqudgha.
   592 | D        | Found a hide-covered altar of Uskayaw.
   593 | D        | Found a stormy altar of Qazlal.
   593 | D        | Found a white marble altar of Elyvilon.
   593 | D        | Found a glowing golden altar of the Shining One.
   594 | D        | Found a corrupted altar of Lugonu.
   594 | D        | Found a radiant altar of Vehumet.
   606 | D        | Reached skill level 1 in Stealth
   606 | D        | Reached XP level 5. HP: 19/55 MP: 2/4
  1015 | D        | Killed from afar by an oklob sapling wizard

Illustrated notes

Levels and vault maps discovered:
D:        dungeon_sprint_fedhas [sprint_temple]

Skill      XL: |  1  2  3  4 |
---------------+-------------+-----
Fighting       | 4 5 7 8 |  8.3
Axes           | 4 6 7 8 |  8.6
Armour         | 3 4 |  4.5
Dodging        | 3 |  3.9
Stealth        | 1 |  1.0
Evocations     | |  0.3

Action                   |  1- 3 |  4- 6 || total
-------------------------+-------+-------++-------
Melee: Hand axe          |    10 |    12 ||    22
       Headbutt          |     1 |     4 ||     5
Invok: Berserk           |     2 |       ||     2
 Abil: Evoke Invisibilit |       |     2 ||     2
 Stab: Invisible         |       |     1 ||     1
       Sleeping          |       |     1 ||     1
Dodge: Dodged            |     2 |     2 ||     4
